 Dungeon Crawl Stone Soup version 0.29.0-4-gdea44cf6ec (webtiles) character file.

Game seed: 2512961597922035041

67 qw the Chopper (level 4, -5/24 (26) HPs)
             Began as a Tengu Warper on Aug 28, 2022.
             Blown up by Ijyb (17 damage)
             ... with a mindburst bolt
             ... on level 3 of the Dungeon.
             The game lasted 00:00:11 (2475 turns).

qw the Chopper (Tengu Warper)                       Turns: 2475, Time: 00:00:12

HP:   -5/24 (26)    AC: 10    Str: 13    XL:     4   Next: 18%
MP:   8/8           EV:  6    Int: 14    God:
Gold: 159           SH:  0    Dex: 13    Spells: 7/7 levels left

rFire   . . .      SeeInvis .   Y - +0 war axe
rCold   + . .      Faith    .   (no shield)
rNeg    . . .      Spirit   .   o - +0 chain mail
rPois   .          Reflect  .   i - +2 hat
rElec   .          Harm     .   (no cloak)
rCorr   .          Rampage  .   (no gloves)
Will    .....                   (boots unavailable)
Stlth   ..........              (no amulet)
HPRegen 0.08/turn               a - ring of protection from cold
MPRegen 0.11/turn               (no ring)

@: drained
A: beak, talons 3
a: no special abilities


You were on level 3 of the Dungeon.
You visited 1 branch of the dungeon, and saw 3 of its levels.

You collected 159 gold pieces.


Innate Abilities, Weirdness & Mutations

You have a beak for a mouth.
You have claws for feet.


   Skills:
 - Level 2.0 Fighting
 + Level 4.8 Axes
 - Level 1.0 Throwing
 - Level 1.1 Armour
 - Level 2.1 Dodging
 - Level 2.0 Spellcasting
 - Level 2.4 Translocations


You had 7 spell levels left.
You didn't know any spells.
Your spell library contained the following spells:

 Spells                   Type           Power      Damage    Failure   Level
 Blink                    Tloc           16%        N/A       99%         2
 Gell's Gravitas          Tloc           8%         N/A       100%        3
 Lesser Beckoning         Tloc           8%         N/A       100%        3
 Teleport Other           Tloc           8%         N/A       100%        3
 Manifold Assault         Tloc           8%         N/A       100%        5

Inventory:

Hand Weapons
 l - a +0 whip
 Y - a +0 war axe (weapon)
Armour
 i - a +2 hat (worn)
 o - a +0 chain mail (worn)
Jewellery
 a - a ring of protection from cold (left hand)
Scrolls
 b - a scroll of fog {unknown}
 h - a scroll of teleportation {unknown}
 n - 2 scrolls of identify
Potions
 c - a potion of curing {unknown}
 d - a potion of magic {unknown}
 e - a potion of resistance
 f - a potion of lignification {unknown}
 g - a potion of haste {unknown}
 m - a potion of degeneration {unknown}
 r - a potion of brilliance {unknown}

Dungeon Overview and Level Annotations

Branches:
Dungeon (3/15)

Altars:

Shops:
D:2 (   D:3 :[

Annotations:
D:3 Ijyb


Message History

The quokka is heavily wounded.
The quokka barely misses you. x2
You closely miss the quokka. You peck the quokka.
The quokka is almost dead.
The quokka bites you but does no damage.
The quokka closely misses you.
You miss the quokka. Your peck misses the quokka.
The quokka is almost dead.
The quokka bites you but does no damage.
You hit the quokka.
You kill the quokka!
You start resting.
HP restored.
You now have 159 gold pieces (gained 19).
There is an entrance to Archal's Book Shoppe here.
You open the door.
There is an open door here.
h - a scroll labelled ZISTRU MINEDD
Enter note: Ijyb the Twisted Goblin comes into view.
She is wielding a +4 dagger of draining and carrying a wand of mindburst (14).
2468 ||| Stepping ~*~*~tactically~*~*~ (hiding).
You start waiting.
Ijyb is nearby!
You hit Ijyb. You claw Ijyb, but do no damage.
Ijyb is lightly wounded.
Ijyb zaps a wand.
Your mind is blasted!
You hit Ijyb. Your kick misses Ijyb.
Ijyb is moderately wounded.
Ijyb completely misses you.
Ijyb hits you with a +4 dagger of draining!
You feel drained.
You closely miss Ijyb.
Ijyb is moderately wounded.
Ijyb hits you with a +4 dagger of draining.
You feel drained.
You hit Ijyb.
Ijyb is heavily wounded.
Ijyb zaps a wand.
Your mind is blasted!
Ouch! That really hurt!
You die...

# #.# .g.## #..##
###+####g### ####
.......@...## #..####
###+######..## #8....#
...........#####<###.#
#+####.#...#..8.\.8...
..##...'..........
..###....#####8.....
#.# #.....# #...... #
#.....# ##.....
#.....# #.....


You could see Ijyb.

Vanquished Creatures
  2 adders (D:2)
  A dart slug (D:3)
  An orc (D:2)
  2 ball pythons
  4 bats
  2 endoplasms
  2 giant cockroaches
  7 goblins
  7 hobgoblins
  3 jackals (D:3)
  4 kobolds
  A quokka (D:3)
  2 frilled lizards
  4 rats
42 creatures vanquished.

Notes
Turn   | Place    | Note
-------+----------+-------------------------------------------
     0 | D:1      | qw the Tengu Warper began the quest for the Orb.
     0 | D:1      | Reached XP level 1. HP: 12/12 MP: 4/4
     0 | D:1      | 0 ||| qw: Version: 0.1-a-89-g26bdef1
     0 | D:1      | 0 ||| qw: Game counter: 1933
     0 | D:1      | 0 ||| qw: Always use a shield: true
     0 | D:1      | 0 ||| qw: God list: Okawaru
     0 | D:1      | 0 ||| qw: Allow faded altars: false
     0 | D:1      | 0 ||| qw: Do Orc after D:15 true
     0 | D:1      | 0 ||| qw: Do second Lair branch before Depths: true
     0 | D:1      | 0 ||| qw: Lair rune preference: random
     0 | D:1      | 0 ||| qw: Plans: Normal
     0 | D:1      | 0 ||| PLANNING D:1-11
   125 | D:1      | 125 ||| Stepping ~*~*~tactically~*~*~ (stealth).
   126 | D:1      | 126 ||| Stepping ~*~*~tactically~*~*~ (stealth).
   127 | D:1      | 127 ||| Stepping ~*~*~tactically~*~*~ (stealth).
   184 | D:1      | Reached XP level 2. HP: 16/17 MP: 6/6
   189 | D:1      | Reached skill level 3 in Axes
   256 | D:1      | 256 ||| SWAPPING to +0 war axe.
   260 | D:1      | 260 ||| DROPPING +0 hand axe.
   266 | D:1      | Found a faded altar of an unknown god.
   881 | D:1      | 881 ||| UPGRADING to +0 ring mail.
   891 | D:1      | 891 ||| DROPPING +0 leather armour.
   892 | D:1      | 892 ||| UPGRADING to +2 leather armour of cold resistance.
   902 | D:1      | 902 ||| DROPPING +0 ring mail.
   903 | D:1      | 903 ||| UPGRADING to +1 hat.
   908 | D:1      | 908 ||| UPGRADING to +0 chain mail.
   918 | D:1      | 918 ||| DROPPING +2 leather armour of cold resistance.
   919 | D:1      | 919 ||| READING scroll labelled YWOWKU RIMMU.
   920 | D:1      | 920 ||| READING scroll labelled LUGIUR BEFETH.
   921 | D:1      | 921 ||| READING scroll labelled OPAOSCH DOJYM.
   922 | D:1      | 922 ||| READING scroll labelled OZA CUORIUVA.
   923 | D:1      | 923 ||| READING 3 scrolls labelled BURCHA AKUMIMOCH.
   924 | D:1      | 924 ||| READING scroll labelled FUILIO MIOGAI.
   925 | D:1      | 925 ||| READING 2 scrolls of identify.
   925 | D:1      | 925 ||| IDENTIFYING lumpy black potion
   926 | D:1      | 926 ||| DROPPING scroll of blinking.
   927 | D:1      | 927 ||| Stepping randomly (stuck).
   928 | D:1      | 928 ||| Stepping ~*~*~tactically~*~*~ (cloud).
   931 | D:1      | HP: 4/17 [poisoned by you (poison gas)]
  1341 | D:2      | Reached XP level 3. HP: 19/21 MP: 7/7
  1460 | D:2      | Reached skill level 4 in Axes
  1596 | D:2      | 1596 ||| Stepping ~*~*~tactically~*~*~ (stealth).
  1598 | D:2      | 1598 ||| Stepping ~*~*~tactically~*~*~ (stealth).
  1600 | D:2      | 1600 ||| Stepping ~*~*~tactically~*~*~ (stealth).
  1713 | D:2      | Found Xinoomax's Weapon Shoppe.
  1725 | D:2      | 1725 ||| SHOPLISTING +5 broad axe of Plunder {protect,
                  | rElec rF- Int+4 Dex+3} (669 gold, have 83).
  1879 | D:2      | 1879 ||| UPGRADING to ring of protection from cold.
  1880 | D:2      | 1880 ||| READING 2 scrolls labelled XYGIXO QOOKYSA.
  1881 | D:2      | 1881 ||| READING scroll of enchant armour.
  1881 | D:2      | 1881 ||| ENCHANTING +1 hat.
  1936 | D:3      | 1936 ||| Stepping ~*~*~tactically~*~*~ (hiding).
  1942 | D:3      | Reached XP level 4. HP: 26/26 MP: 8/8
  2152 | D:3      | Found Yptas's Antique Armour Emporium.
  2158 | D:3      | 2158 ||| SHOPLISTING runed plate armour (702 gold, have
                  | 140).
  2158 | D:3      | 2158 ||| SHOPLISTING shimmering chain mail (256 gold, have
                  | 140).
  2371 | D:3      | Found Archal's Book Shoppe.
  2467 | D:3      | Noticed Ijyb
  2468 | D:3      | 2468 ||| Stepping ~*~*~tactically~*~*~ (hiding).
  2475 | D:3      | Blown up by Ijyb

Levels and vault maps discovered:
D:1:      dpeg_arrival_chambers_temple_mockup, layout_loops_ring,
          hellmonk_ecumenical_altar_heavens_door, minmay_tromino_v4_b
D:2:      layout_basic, serial_glass, glass_columns_a, glass_columns_a,
          serial_shops, nicolae_shop_bloodbath_and_beyond,
          dreamdust_wishing_well
D:3:      layout_basic, serial_shops, nicolae_shop_statue_plus,
          nicolae_shop_stone, hangedman_decor_clover_reticule,
          interstate_on_off, uniq_ijyb

Skill      XL: |  1  2  3 |
---------------+----------+-----
Axes           | 3 4 |  4.8
Fighting       | |  2.0
Throwing       | |  1.0
Armour         | |  1.1
Dodging        | |  2.1
Spellcasting   | |  2.0
Translocations | |  2.4

Action                   |  1- 3 |  4- 6 || total
-------------------------+-------+-------++-------
Melee: Hand axe          |    12 |       ||    12
       Peck              |     2 |     4 ||     6
       War axe           |    54 |    30 ||    84
       Kick              |     9 |     4 ||    13
       Punch             |       |     1 ||     1
Throw: Boomerang         |     7 |       ||     7
  Use: Scroll            |     9 |       ||     9
Armor: Leather armour    |     7 |       ||     7
       Chain mail        |    42 |    18 ||    60
Dodge: Dodged            |    27 |    11 ||    38

Table legend:
 A = Non-vault XP
 B = Vault XP
 C = Vault XP percentage of total XP
 D = Non-vault monster count
 E = Vault monster count
 F = Vault count percentage of total count
                 A         B        C        D         E       F
            +---------+---------+-------+---------+---------+-------
      Total |      95 |       2 |   2.1 |      41 |       1 |   2.4
            +---------+---------+-------+---------+---------+-------
        D:1 |      17 |       2 |  10.5 |      11 |       1 |   8.3
        D:2 |      60 |       0 |   0.0 |      21 |       0 |   0.0
        D:3 |      18 |       0 |   0.0 |       9 |       0 |   0.0
            +---------+---------+-------+---------+---------+-------
